 Dungeon Crawl Stone Soup version 0.31-a0-370-g25055926c8 (webtiles) character file.

Game seed: 15096511493443543089

353798 Bnni the Markstengu (level 22, -3/145 HPs)
             Began as a Tengu Hunter on July 29, 2023.
             Was the Champion of Okawaru.
             Killed from afar by an ironbound thunderhulk (41 damage)
             ... with a bolt of lightning
             ... on level 4 of the Vaults on July 30, 2023.
             The game lasted 02:02:49 (37465 turns).

Bnni the Markstengu (Tengu Hunter)                 Turns: 37465, Time: 02:02:54

Health: -3/145     AC: 21    Str: 17    XL:     22   Next: 28%
Magic:  0/38       EV: 32    Int: 10    God:    Okawaru [******]
Gold:   845        SH: 32    Dex: 31    Spells: 21/27 levels left

rFire   + + +        s - +9 hand crossbow (freeze)
rCold   + + +        x - +8 tower shield {rC+}
rNeg    . . .        R - +4 moon troll leather armour {Spirit, Regen++ MP+5}
rPois   +            Y - +0 hat of Cupp {rC++ Dex+4}
rElec   .            Q - +2 cloak {rPois}
rCorr   .            q - +1 pair of gloves "Ivit" {rF++}
SInv    +            (boots unavailable)
Will    ++...        i - amulet of regeneration
Stlth   ++           W - ring "Joteamap" {Drain rF+ Str+2 Dex+2 Slay+9}
HPRegen 2.84/turn    K - ring of Vurghol {Fly Will+ AC+4 SInv}
MPRegen 0.26/turn

%: guardian spirit
@: flying quickly and evasively, studying 4 skills, quick
A: beak, talons 3, nimble flight
}: 2/15 runes: decaying, serpentine
a: Renounce Religion, Heroism, Finesse, Duel


You were on level 4 of the Vaults.
You worshipped Okawaru.
Okawaru was exalted by your worship.
You visited 7 branches of the dungeon, and saw 35 of its levels.
You also visited: Trove and Ice Cave.

You collected 5455 gold pieces.
You spent 4610 gold pieces at shops.

Inventory:

Hand Weapons
 s - a +9 hand crossbow of freezing (weapon)
 t - a +1 hand crossbow of flaming
 u - a +0 heavy double sword
 v - a +1 vampiric quick blade
Missiles
 d - 2 curare-tipped darts
Armour
 m - a +1 cloak of preservation
 q - the +1 pair of gloves "Ivit" (worn) {rF++}
   (You acquired it on level 11 of the Dungeon)

   rF:        It greatly protects you from fire.
 x - a +8 tower shield of cold resistance (worn)
 Q - a +2 cloak of poison resistance (worn)
 R - the +4 moon troll leather armour (worn) {Spirit, Regen++ MP+5}
   (You found it on level 14 of the Dungeon)

   MP:        It affects your magic capacity (+5).
   Regen:     It increases your rate of health regeneration.
 Y - the +0 hat of Cupp (worn) {rC++ Dex+4}
   (Okawaru gifted it to you on level 4 of the Lair of Beasts)

   Dex:       It affects your dexterity (+4).
   rC:        It greatly protects you from cold.
Jewellery
 b - a ring of positive energy
 i - an amulet of regeneration (around neck)
 n - a ring of positive energy
 K - the ring of Vurghol (right hand) {Fly Will+ AC+4 SInv}
   (You found it in an ice cave)

   [ring of protection]

   AC:        It affects your AC (+4).
   SInv:      It lets you see invisible.
   Fly:       It grants you flight.
   Will:      It increases your willpower.
 W - the ring "Joteamap" (left hand) {Drain rF+ Str+2 Dex+2 Slay+9}
   (You bought it in a shop on level 3 of the Snake Pit)

   [ring of slaying]

   Str:       It affects your strength (+2).
   Dex:       It affects your dexterity (+2).
   Slay:      It affects your accuracy & damage with ranged weapons and melee
   (+9).
   rF:        It protects you from fire.
   Drain:     It drains your maximum health when unequipped.
Wands
 D - a wand of light (11)
 L - a wand of digging (9)
 S - a wand of iceblast (20)
Scrolls
 e - 6 scrolls of blinking
 f - 7 scrolls of fear
 g - 5 scrolls of vulnerability
 j - 16 scrolls of teleportation
 y - 9 scrolls of amnesia
 z - 2 scrolls of revelation
 A - a scroll of enchant weapon
 C - a scroll of enchant armour
 E - 4 scrolls of poison
 F - 9 scrolls of immolation
 O - 3 scrolls of fog
 P - a scroll of silence
Potions
 a - 5 potions of attraction
 c - 6 potions of might
 h - 16 potions of curing
 k - 4 potions of mutation
 l - 2 potions of resistance
 o - a potion of invisibility
 p - 3 potions of enlightenment
 r - 2 potions of ambrosia
 w - 3 potions of heal wounds
 G - 3 potions of magic
 Z - 6 potions of haste
Miscellaneous
 B - a phial of floods


   Skills:
 + Level 17.6 Fighting
 - Level 6.1 Long Blades
 - Level 18.0 Ranged Weapons
 - Level 15.0 Armour
 + Level 14.6 Dodging
 - Level 1.0 Stealth
 * Level 16.0 Shields
 - Level 3.0 Spellcasting
 - Level 8.0 Hexes
 - Level 8.0 Translocations
 - Level 14.0 Invocations


You had 21 spell levels left.
You knew the following spells:

 Your Spells              Type           Power      Damage    Failure   Level
b - Blink                 Tloc           34%        N/A       5%          2
c - Portal Projectile     Hex/Tloc       34%        N/A       11%         3
z - Apportation           Tloc           34%        N/A       3%          1

Your spell library contained the following spells:

 Spells                   Type           Power      Damage    Failure   Level
 Lesser Beckoning         Tloc           34%        N/A       5%          2
 Confusing Touch          Hex            17%        N/A       11%         3
 Gell's Gravitas          Tloc           17%        N/A       11%         3
 Ensorcelled Hibernation  Hex/Ice        18%        N/A       26%         2
 Momentum Strike          Conj/Tloc      18%        3d8       26%         2
 Cause Fear               Hex            8%         N/A       34%         4
 Manifold Assault         Tloc           17%        N/A       34%         4
 Dazzling Flash           Conj/Hex       18%        N/A       47%         3
 Inner Flame              Hex/Fire       9%         N/A       47%         3
 Vhi's Electric Charge    Tloc/Air       18%        N/A       47%         3
 Volatile Blastmotes      Fire/Tloc      18%        2d11      47%         3
 Freeze                   Ice            4%         1d3       67%         1
 Kiss of Death            Conj/Necr      4%         2d5       67%         1
 Magic Dart               Conj           4%         1d3       67%         1
 Sandblast                Erth           2%         2d4       67%         1
 Shock                    Conj/Air       4%         1d3       67%         1
 Cigotuvi's Dreadful Rot  Necr/Pois/Air  2%         N/A       80%         2
 Passwall                 Tmut/Erth      0%         N/A       80%         2
 Poisonous Vapours        Pois/Air       2%         N/A       80%         2
 Anguish                  Hex/Necr       4%         N/A       87%         4
 Fulminant Prism          Conj/Hex       4%         3d5       87%         4
 Iskenderun's Mystic Bla  Conj/Tloc      9%         2d4       87%         4
 Leda's Liquefaction      Hex/Erth       4%         N/A       87%         4
 Frozen Ramparts          Ice            2%         1d1       95%         3
 Hailstorm                Conj/Ice       1%         3d3       95%         3
 Ignite Poison            Fire/Tmut/Pois 1%         N/A       95%         3
 Mephitic Cloud           Conj/Pois/Air  1%         N/A       95%         3
 Ozocubu's Armour         Ice            1%         N/A       95%         3
 Stone Arrow              Conj/Erth      2%         3d7       95%         3
 Swiftness                Air            1%         N/A       95%         3
 Metabolic Englaciation   Hex/Ice        4%         N/A       99%         5
 Silence                  Hex/Air        4%         N/A       99%         5
 Yara's Violent Unravell  Hex/Tmut       4%         3d4       99%         5
 Airstrike                Air            0%         2d(1-17)  100%        4
 Dispel Undead            Necr           1%         3d6       100%        4
 Agony                    Necr           1%         N/A       100%        5
 Alistair's Intoxication  Tmut/Pois      0%         N/A       100%        5
 Arcjolt                  Conj/Air       0%         1d10      100%        5
 Borgnjor's Vile Clutch   Necr/Erth      0%         N/A       100%        5
 Freezing Cloud           Conj/Ice/Air   0%         6-21      100%        5
 Lee's Rapid Deconstruct  Erth           0%         3d4*      100%        5
 Eringya's Noxious Bog    Tmut/Pois      0%         4d6       100%        6
 Leda's Unmaking          Conj/Erth      0%         9d1       100%        6
 Starburst                Conj/Fire      0%         6d3       100%        6
 Enfeeble                 Hex            8%         N/A       100%        7
 Disjunction              Tloc           8%         N/A       100%        8
 Maxwell's Capacitive Co  Air            0%         ∞         100%        8
 Tukima's Dance           Hex            Unusable   N/A       N/A         3
 Call Imp                 Summ           Unusable   N/A       N/A         2
 Summon Forest            Summ/Tloc      Unusable   N/A       N/A         5
 Summon Mana Viper        Hex/Summ       Unusable   N/A       N/A         5
 Summon Cactus Giant      Summ           Unusable   N/A       N/A         6

Dungeon Overview and Level Annotations

Branches:
Dungeon (15/15)            Temple (1/1) D:7            Lair (5/5) D:8
  Swamp (4/4) Lair:2        Snake (4/4) Lair:3        Slime (0/5) Lair:4
    Orc (2/2) D:10            Elf (0/3) Orc:2        Vaults (4/5) D:14
  Crypt (0/3) Vaults:3     Depths (0/4) D:15          IceCv (visited)

Altars:
Ashenzari
Cheibriados
Dithmenos
Elyvilon
Fedhas
Gozag
Hepliaklqana
Kikubaaqudgha
Makhleb
Nemelex Xobeh
Okawaru
Qazlal
Ru
Sif Muna
Trog
Uskayaw
Vehumet
Wu Jian
Xom
Yredelemnul
Zin
The Shining One
Jiyva
Lugonu

Shops:
D:6 *   D:8 ?   D:9 !   D:10 :   D:11 (   D:13 [   Orc:1 :*   Orc:2 !***?
Snake:2 :   Snake:3 =   Snake:4 (?   Vaults:1 *   Vaults:3 *

Portals:
Abyss: Lair:5

Annotations:
D:1 2 transporters
Lair:3 2 transporters, confidenceinterval's ghost, journeyman HOCK


Innate Abilities, Weirdness & Mutations

You have a beak for a mouth.
You have claws for feet.
Your magical nature lets you fly swiftly and evasively.


Message History

Electricity crackles from the ironbound thunderhulk's apparatus.
The bolt of lightning hits you!!!
* * * LOW HITPOINT WARNING * * *
You block the necromancer's attack.
You block the ironbound convoker's attack.
The vault warden hits you but does no damage.
You block the vault warden simulacrum's attack.
Blink to where?
Press: ? - help, Dir - move target, p - ironbound convoker
As you read the scroll of blinking, it crumbles to dust.
Strange energies crackle from the ironbound thunderhulk's apparatus.
The ironbound thunderhulk blinks!
Unknown command.
You shoot a bolt.
The bolt hits the ironbound thunderhulk!
The bolt freezes the ironbound thunderhulk.
The ironbound thunderhulk is severely wounded.
Strange energies crackle from the ironbound thunderhulk's apparatus.
The ironbound thunderhulk blinks!
The necromancer mumbles some strange words.
The necromancer binds the souls of nearby monsters.
The ironbound convoker gestures at the necromancer while chanting.
Fire: s) +9 hand crossbow (freeze)
Press: ? - help, Shift-Dir - straight line, f/p - ironbound thunderhulk
Aim: an ironbound thunderhulk, wielding a +0 dire flail of protection and wearing a +0 animal skin (severely wounded, soul bound, 86% to hit)
You shoot a bolt.
The bolt closely misses the ironbound thunderhulk.
Unknown command.
Fire: s) +9 hand crossbow (freeze)
Press: ? - help, Shift-Dir - straight line, f/p - ironbound thunderhulk
Aim: an ironbound thunderhulk, wielding a +0 dire flail of protection and wearing a +0 animal skin (severely wounded, soul bound, 86% to hit)
You shoot a bolt.
The bolt hits the ironbound thunderhulk.
The bolt freezes the ironbound thunderhulk.
The ironbound thunderhulk is almost dead.
The ironbound convoker gestures at the yaktaur while chanting.
The yaktaur seems to grow stronger.
Electricity crackles from the ironbound thunderhulk's apparatus.
The bolt of lightning hits you!!!
You die...

#..#
########..#
+^.....'..#
#......#..#
#......#..#
#......#..#
#......#..#
#......#..#
########@.#
#..# #..#
#.O# #Z.#
#p.# # #.p#
#. #pc# #?
#.)#


You could see a vault warden (soul bound, strong), an ironbound thunderhulk
(soul bound), an ironbound convoker (soul bound), a yaktaur (soul bound,
strong), a necromancer (strong) and a vault warden simulacrum.

Vanquished Creatures
  Vashnia (Snake:3)
  Nikola (Vaults:2)
  Rupert (D:15)
  Mlioglotl (Swamp:1)
  2 quicksilver dragons (Snake:4)
  Asterion (Snake:2)
  The ghost of Mithras the Warrior, an adept OpVM of Vehumet (Snake:4)
  3 thorn hunters
  2 ancient champions (Vaults:3)
  Gastronok (Lair:3)
  Donald (Swamp:1)
  2 shadow dragons (Vaults:3)
  2 nagarajas
  5 vault wardens
  2 orc warlords (Vaults:3)
  9 ironbound preservers
  2 war gargoyles
  6 ironbound thunderhulks
  2 formless jellyfish
  Azrael (D:15)
  5 dire elephants
  3 eleionomae (Swamp:2)
  4 bunyips
  The ghost of dakonic the Cleaver, a journeyman DsCK of Xom (Lair:5)
  A shambling mangrove (Swamp:2)
  The ghost of Kous the Skirmisher, a journeyman DsMo of Dithmenos (D:14)
  A crystal guardian (Vaults:2)
  8 yaktaur captains
  An ettin (D:15)
  2 deep elf high priests (Vaults:3)
  4 great orbs of eyes
  A fire dragon (D:14)
  Josephine (Lair:4)
  A salamander tyrant (Snake:4)
  A peacekeeper (Vaults:2)
  6 vault guards
  4 ghost crabs
  15 hydras
  5 ogre magi
  Erica (D:8)
  10 alligators
  2 death knights (D:14)
  8 ironbound frosthearts
  11 centaur warriors
  15 two-headed ogres
  18 anacondas
  5 boulder beetles
  A tengu warrior (D:15)
  A vampire mage (Vaults:3)
  21 death yaks
  2 spriggan berserkers
  4 thrashing horrors (Lair:5)
  15 naga warriors
  Urug (Orc:1)
  10 shock serpents
  A hell knight (D:15)
  14 naga sharpshooters
  A fire crab (shapeshifter) (D:14)
  2 skysharks (Lair:5)
  2 salamander mystics
  7 skeletal warriors
  6 sea snakes (Snake:1)
  34 deep trolls
  3 goliath frogs (Swamp:2)
  2 death drakes (Swamp:3)
  4 spriggan druids
  9 wizards
  8 bog bodies
  A phantasmal warrior (D:14)
  16 swamp dragons
  4 naga ritualists
  4 spectral hydras (Swamp:3)
  Pikel (D:7)
  An obsidian statue (D:11)
  9 orc knights
  4 deep elf pyromancers
  5 necromancers
  An orange crystal statue (D:11)
  9 lindwurms
  10 ironbound convokers
  6 manticores
  36 ugly things
  8 mana vipers
  5 goliath frog zombies (Swamp:3)
  An orc sorcerer (Orc:2)
  A salamander (shapeshifter) (Lair:5)
  5 cyclopes
  2 will-o-the-wisps
  3 large abominations
  A moth of wrath (Snake:4)
  Joseph (D:7)
  5 salamanders
  12 elephants
  A guardian serpent (shapeshifter) (D:14)
  41 slime creatures
  Maurice (D:8)
  7 guardian serpents
  14 naga magi
  24 black mambas
  An ice statue (IceCv)
  4 cane toads
  2 smoke demons (Lair:5)
  13 vault sentinels
  A torpor snail (Lair:3)
  The ghost of IndexError the Caller, a novice GnSu of Cheibriados (D:5)
  A kobold demonologist (D:11)
  2 unseen horrors (D:12)
  34 yaktaurs
  Maggie (Lair:2)
  2 efreet
  6 komodo dragons
  2 freezing wraiths
  A komodo dragon (shapeshifter) (D:14)
  6 rime drakes
  A tengu conjurer (D:14)
  5 swamp worm zombies (Swamp:3)
  8 trolls
  The ghost of temujin the Magician, a novice DEFE of Vehumet (D:5)
  13 tyrant leeches
  2 bloated husks (Swamp:2)
  11 polar bears
  13 hornets
  A raiju (shapeshifter) (D:13)
  2 raiju (Lair:5)
  3 alligator zombies (Swamp:3)
  7 dream sheep
  2 spectral swamp dragons (Swamp:3)
  A dream sheep (shapeshifter) (Vaults:3)
  16 blink frogs
  A jumping spider (shapeshifter) (D:10)
  4 shadows
  A spectral black mamba (Lair:2)
  3 wyverns
  A culicivora (shapeshifter) (D:14)
  3 ynoxinuls (Lair:5)
  38 yaks
  A vampire (D:14)
  14 wraiths
  14 spriggans
  6 basilisks
  19 humans (D:14)
  4 tyrant leech zombies (Swamp:3)
  A golden eye (shapeshifter) (Vaults:1)
  A fire elemental (D:15)
  8 vampire mosquitoes
  4 wargs
  37 nagas
  Edmund (D:4)
  19 swamp worms
  An acid dragon (D:13)
  4 hell hounds (D:15)
  11 water moccasins
  11 swamp drakes
  17 orc warriors
  An ice beast (D:7)
  3 black bears
  A sky beast (D:8)
  4 boggarts
  30 ogres
  3 centaurs
  28 wolves
  2 lemures (D:7)
  3 kobold brigands (D:10)
  9 bullfrogs
  2 spectral water moccasins (Lair:2)
  5 gnoll sergeants
  5 scorpions
  10 wights (D:8)
  2 troll zombies (Swamp:3)
  2 spriggan zombies (Swamp:3)
  20 killer bees
  12 small abominations (Lair:5)
  12 electric eels
  7 howler monkeys
  A jelly (D:6)
  21 orc priests
  5 sleepcaps
  5 hounds
  An iguana (D:5)
  18 orc wizards
  22 gnolls
  8 adders
  3 ufetubi
  4 worms
  6 dart slugs
  62 orcs
  9 ball pythons
  6 endoplasms
  3 giant cockroaches
  5 goblins
  6 hobgoblins
  4 quokkas
  6 bats
  5 frilled lizards
  17 kobolds
  6 rats
  A spectral orc (D:8)
1340 creatures vanquished.

Vanquished Creatures (others)
  Nessos (D:13)
  A hydra (Swamp:4)
  An orc warrior (Orc:2)
  16 foxfires
19 creatures vanquished.

Grand Total: 1359 creatures vanquished

Notes
Turn   | Place    | Note
-------+----------+-------------------------------------------
     0 | D:1      | Bnni the Tengu Hunter began the quest for the Orb.
     0 | D:1      | Reached XP level 1. HP: 12/12 MP: 2/2
   149 | D:1      | Reached XP level 2. HP: 17/17 MP: 3/3
   352 | D:1      | Reached skill level 5 in Ranged Weapons
   818 | D:2      | Reached XP level 3. HP: 22/22 MP: 4/4
  1434 | D:2      | Reached XP level 4. HP: 27/27 MP: 5/5
  1933 | D:3      | Got the Exposition on Feathers
  2210 | D:3      | Reached skill level 6 in Ranged Weapons
  2210 | D:3      | Gained mutation: Your magical nature lets you fly swiftly
                  | and evasively. [Tengu growth]
  2210 | D:3      | Reached XP level 5. HP: 15/32 MP: 6/6
  2593 | D:4      | Reached XP level 6. HP: 27/38 MP: 7/7
  2640 | D:3      | Reached skill level 7 in Ranged Weapons
  3156 | D:4      | Reached XP level 7. HP: 7/44 MP: 8/8
  3487 | D:4      | Reached skill level 8 in Ranged Weapons
  3611 | D:4      | Noticed Edmund
  3815 | D:4      | Killed Edmund
  3932 | D:5      | Entered Level 5 of the Dungeon
  3988 | D:5      | Reached skill level 5 in Fighting
  3996 | D:5      | Identified the +6 dagger of the Two Names {protect, rCorr
                  | Str+2}
  4020 | D:5      | Found a runed translucent gate.
  4020 | D:5      | Found a runed translucent gate.
  4020 | D:5      | Found a runed translucent gate.
  4020 | D:5      | Noticed temujin's ghost (novice DEFE)
  4020 | D:5      | Noticed IndexError's ghost (novice GnSu)
  4235 | D:5      | Reached skill level 9 in Ranged Weapons
  4306 | D:5      | Reached XP level 8. HP: 49/49 MP: 9/9
  4841 | D:5      | Killed temujin's ghost
  4842 | D:5      | Reached skill level 10 in Ranged Weapons
  4855 | D:5      | Killed IndexError's ghost
  5015 | D:6      | Found Ytudaz's Elemental Accessories.
  5114 | D:6      | Reached XP level 9. HP: 47/56 MP: 10/10
  5134 | D:6      | Reached skill level 11 in Ranged Weapons
  5663 | D:7      | Noticed Pikel
  5685 | D:7      | Killed Pikel
  5686 | D:7      | Reached skill level 12 in Ranged Weapons
  6005 | D:7      | Found a staircase to the Ecumenical Temple.
  6011 | Temple   | Entered the Ecumenical Temple
  6019 | Temple   | Became a worshipper of Warmaster Okawaru
  6077 | D:7      | Noticed Joseph
  6096 | D:7      | Killed Joseph
  6097 | D:7      | Reached XP level 10. HP: 10/64 MP: 10/12
  6156 | D:7      | Found a shadowy altar of Dithmenos.
  6182 | D:7      | Reached * piety under Okawaru
  6495 | D:8      | Reached skill level 13 in Ranged Weapons
  6527 | D:8      | Noticed a death yak
  6531 | D:8      | Noticed a death yak
  6733 | D:7      | Killed a death yak
  6775 | D:8      | Noticed a death yak
  6775 | D:8      | Noticed a death yak
  6965 | D:7      | HP: 2/65 [death yak (20)]
  7602 | D:7      | Killed a death yak
  7978 | D:7      | Killed a death yak
  7978 | D:7      | Reached ** piety under Okawaru
  8063 | D:8      | Noticed a death yak
  8119 | D:7      | Killed a death yak
  8120 | D:7      | Reached skill level 5 in Invocations
  8229 | D:7      | HP: 2/65 [death yak (18)]
  8300 | D:7      | Killed a death yak
  8301 | D:7      | Reached skill level 14 in Ranged Weapons
  8301 | D:7      | Reached XP level 11. HP: 34/71 MP: 14/16
  8359 | D:8      | Noticed a death yak
  8429 | D:7      | Killed a death yak
  8499 | D:8      | Noticed Maurice
  8589 | D:8      | Killed Maurice
  8742 | D:8      | Found a staircase to the Lair.
  8806 | D:8      | Noticed Erica
  8821 | D:8      | Killed Erica
  8821 | D:8      | Reached *** piety under Okawaru
  9131 | D:8      | Found Maofreol's Magic Scroll Shop.
  9140 | D:8      | Bought a scroll of identify for 20 gold pieces
  9140 | D:8      | Bought a scroll of identify for 20 gold pieces
  9140 | D:8      | Bought a scroll of teleportation for 30 gold pieces
  9218 | D:8      | Found a basalt altar of Yredelemnul.
  9340 | D:8      | Found a blossoming altar of Fedhas.
  9584 | D:9      | Found Xelos's Distillery.
  9590 | D:9      | Bought a potion of heal wounds for 65 gold pieces
  9590 | D:9      | Bought a potion of curing for 39 gold pieces
  9603 | D:9      | Identified the +1 robe of Fun {rCorr}
  9733 | D:9      | Identified the +2 mace of Gaenezam {flame, Int+2}
  9805 | D:9      | Found a hide-covered altar of Uskayaw.
  9805 | D:9      | Found a hazy altar of Hepliaklqana.
  9806 | D:9      | Found a sacrificial altar of Ru.
  9841 | D:9      | Found an ancient bone altar of Kikubaaqudgha.
  9841 | D:9      | Found a radiant altar of Vehumet.
  9960 | D:9      | Paralysed by a hornet for 3 turns
  9961 | D:9      | Reached skill level 1 in Armour
 10351 | D:10     | Entered Level 10 of the Dungeon
 10442 | D:10     | a wind drake changed into a moth of wrath
 10442 | D:10     | Noticed a moth of wrath (shapeshifter)
 10453 | D:10     | a moth of wrath changed into a jumping spider
 10456 | D:10     | Reached **** piety under Okawaru
 10481 | D:10     | Reached skill level 15 in Ranged Weapons
 10564 | D:10     | Found a staircase to the Orcish Mines.
 10791 | D:10     | Identified a scroll of acquirement
 10930 | D:10     | Identified the +8 trident "Killer Klown's Death" {vamp,
                  | rPois Int+5}
 10947 | D:10     | Found Merphoc's Book Boutique.
 11257 | D:11     | Noticed a sixfirhy
 11315 | D:11     | Reached XP level 12. HP: 63/77 MP: 18/18
 11366 | D:11     | Found Qurgh's Weapon Emporium.
 11440 | D:11     | Noticed a two-headed ogre
 11442 | D:11     | Acquired the +1 pair of gloves "Ivit" {rF++}
 11457 | D:11     | Killed a two-headed ogre
 11458 | D:11     | Reached skill level 10 in Fighting
 11574 | D:11     | Reached ***** piety under Okawaru
 11782 | D:11     | Identified the +8 falchion "Ruogoa" {distort, rElec}
 12141 | D:12     | Found a frozen archway.
 12149 | IceCv    | Entered an ice cave
 12414 | IceCv    | Reached skill level 16 in Ranged Weapons
 12464 | IceCv    | Noticed a death yak
 12474 | IceCv    | Received a gift from Okawaru
 12520 | IceCv    | Killed a death yak
 12537 | IceCv    | Noticed a death yak
 12540 | IceCv    | Noticed a death yak
 12571 | IceCv    | Killed a death yak
 12586 | IceCv    | Killed a death yak
 12623 | IceCv    | Noticed an ironbound frostheart
 12623 | IceCv    | Noticed a death yak
 12623 | IceCv    | Noticed a death yak
 12623 | IceCv    | Noticed an ironbound frostheart
 12693 | IceCv    | Killed an ironbound frostheart
 12726 | IceCv    | Killed a death yak
 12761 | IceCv    | Killed a death yak
 12762 | IceCv    | Reached XP level 13. HP: 84/84 MP: 21/21
 12773 | IceCv    | HP: 1/84 [ironbound frostheart (34)]
 12827 | IceCv    | Identified the ring of Vurghol {Fly Will+ AC+4 SInv}
 12830 | IceCv    | Got the Compilation of the Chill
 13016 | IceCv    | Reached skill level 10 in Invocations
 13028 | IceCv    | Identified the +1 ring mail of Negligence {Int+3 SInv}
                  | (Okawaru gifted it to you in an ice cave)
 13028 | IceCv    | Received a gift from Okawaru
 13081 | IceCv    | Reached skill level 1 in Shields
 13533 | D:12     | Reached skill level 17 in Ranged Weapons
 13603 | D:12     | Reached skill level 5 in Dodging
 14205 | D:13     | Noticed Nessos
 14209 | D:13     | Killed Nessos
 14363 | D:13     | Found Suesi's Armour Shop.
 14816 | D:14     | Found a large runed translucent door.
 14816 | D:14     | Found a large runed translucent door.
 14817 | D:14     | Noticed Kous's ghost (journeyman DsMo)
 14840 | D:14     | Killed Kous's ghost
 14875 | D:14     | Noticed an entropy weaver
 14882 | D:14     | an entropy weaver changed into a komodo dragon
 14964 | D:14     | Reached ****** piety under Okawaru
 14988 | D:14     | Identified the +0 pair of gloves of the Shining Light
                  | {Str+4} (Okawaru gifted it to you on level 14 of the
                  | Dungeon)
 14988 | D:14     | Received a gift from Okawaru
 15147 | Lair:1   | Entered Level 1 of the Lair of Beasts
 15212 | Lair:1   | Reached XP level 14. HP: 90/90 MP: 23/23
 15212 | Lair:1   | Acquired 938 gold pieces
 15227 | Lair:1   | Learned a level 1 spell: Apportation
 15231 | Lair:1   | Learned a level 3 spell: Portal Projectile
 15788 | Lair:2   | Noticed Maggie
 15792 | Lair:2   | Killed Maggie
 16103 | Lair:2   | Found a staircase to the Swamp.
 16705 | Lair:3   | Reached skill level 18 in Ranged Weapons
 16912 | Lair:3   | Identified the ring "Ulir" {Ice Will+}
 16920 | Lair:3   | Found a staircase to the Snake Pit.
 16927 | Lair:3   | Noticed Gastronok
 16933 | Lair:3   | Killed Gastronok
 16986 | Lair:3   | Found a transporter.
 16987 | Lair:3   | Found a bloodstained altar of Trog.
 16994 | Lair:3   | Found a transporter.
 16998 | Lair:3   | Noticed confidenceinterval's ghost (journeyman HOCK)
 17084 | Lair:3   | Found a sacrificial altar of Ru.
 17600 | Lair:4   | Identified the +0 hat of Cupp {rC++ Dex+4} (Okawaru gifted
                  | it to you on level 4 of the Lair of Beasts)
 17600 | Lair:4   | Received a gift from Okawaru
 17704 | Lair:4   | Reached skill level 5 in Shields
 18026 | Lair:4   | Noticed Josephine
 18038 | Lair:4   | Killed Josephine
 18039 | Lair:4   | Reached skill level 1 in Translocations
 18071 | Lair:4   | Found a viscous altar of Jiyva.
 18076 | Lair:4   | Found a staircase to the Slime Pits.
 18313 | Lair:5   | Entered Level 5 of the Lair of Beasts
 18350 | Lair:5   | Reached skill level 5 in Armour
 18513 | Lair:5   | Reached XP level 15. HP: 90/96 MP: 25/25
 18635 | Lair:5   | Noticed dakonic's ghost (journeyman DsCK)
 18708 | Lair:5   | Found a runed translucent gate.
 18708 | Lair:5   | Found a runed translucent gate.
 18708 | Lair:5   | Found a runed translucent gate.
 18724 | Lair:5   | Killed dakonic's ghost
 18945 | Lair:5   | Received a gift from Okawaru
 19228 | Lair:5   | Found a corrupted altar of Lugonu.
 19228 | Lair:5   | Found a one-way gate to the infinite horrors of the Abyss.
 19629 | Orc:1    | Entered Level 1 of the Orcish Mines
 19637 | Orc:1    | Identified the +0 scale mail of Heojokke {Str+5} (Okawaru
                  | gifted it to you on level 1 of the Orcish Mines)
 19637 | Orc:1    | Received a gift from Okawaru
 19666 | Orc:1    | Found Peffogut's Book Emporium.
 19666 | Orc:1    | Noticed Urug
 19673 | Orc:1    | Killed Urug
 19975 | Orc:2    | Entered Level 2 of the Orcish Mines
 20256 | Orc:2    | Found a staircase to the Elven Halls.
 20293 | Orc:2    | Reached XP level 16. HP: 103/103 MP: 26/26
 20417 | Orc:2    | Found Wodixax's Distillery.
 20574 | Orc:2    | Found Jezihaq's Magic Scroll Boutique.
 20574 | Orc:2    | Found Wioca's Assorted Antiques.
 20575 | Orc:2    | Found Onuny's General Store.
 20575 | Orc:2    | Found Ryqoupax's Assorted Antiques.
 20584 | Orc:2    | Bought a sedimented brown potion for 17 gold pieces
 20586 | Orc:2    | Bought a scroll of identify for 20 gold pieces
 20720 | Orc:2    | Bought a potion of curing for 48 gold pieces
 20720 | Orc:2    | Bought a potion of haste for 160 gold pieces
 20756 | Orc:2    | Bought a potion of curing for 57 gold pieces
 20757 | Orc:2    | Bought a potion of heal wounds for 80 gold pieces
 20758 | Orc:2    | Bought 2 potions of heal wounds for 170 gold pieces
 20758 | Orc:2    | Bought a scroll of identify for 34 gold pieces
 20895 | Orc:1    | Found Weez Hue's Gadget Gallery.
 21128 | Snake:1  | Entered Level 1 of the Snake Pit
 22661 | Snake:2  | Received a gift from Okawaru
 22785 | Snake:2  | Found Veyziq's Book Boutique.
 23142 | Snake:2  | Noticed Asterion
 23147 | Snake:2  | Killed Asterion
 23439 | Snake:2  | Learned a level 2 spell: Blink
 23526 | Snake:2  | Identified the ring "Woliost" {rF+ Will- Str+3 Int+4}
 23845 | Snake:3  | Found Faub's One-of-a-Kind Rings.
 23962 | Snake:3  | Received a gift from Okawaru
 23993 | Snake:3  | Reached skill level 5 in Translocations
 23995 | Snake:3  | Reached skill level 1 in Spellcasting
 24066 | Snake:3  | Noticed a nagaraja
 24073 | Snake:3  | Killed a nagaraja
 24144 | Snake:3  | Reached skill level 10 in Dodging
 24212 | Snake:3  | Reached XP level 17. HP: 109/109 MP: 28/28
 24238 | Arena    | Entered the Arena
 24339 | Snake:3  | Reached skill level 10 in Armour
 24384 | Snake:3  | Noticed Vashnia
 24634 | Snake:3  | Killed Vashnia
 24824 | Snake:3  | Identified the +0 crystal plate armour of Joymosome {rElec
                  | Regen+} (Okawaru gifted it to you on level 3 of the Snake
                  | Pit)
 24824 | Snake:3  | Received a gift from Okawaru
 25111 | Snake:4  | Entered Level 4 of the Snake Pit
 25253 | Snake:4  | Noticed a quicksilver dragon
 25334 | Snake:4  | Noticed a quicksilver dragon
 25346 | Snake:4  | Killed a quicksilver dragon
 25378 | Snake:4  | Killed a quicksilver dragon
 25523 | Snake:4  | Got a serpentine rune of Zot
 25558 | Snake:4  | Found Cire's Magic Scroll Emporium.
 25558 | Snake:4  | Found Pinosm's Weapon Shoppe.
 25578 | Snake:4  | Bought a scroll of identify for 38 gold pieces
 25578 | Snake:4  | Bought a scroll of enchant weapon for 142 gold pieces
 25578 | Snake:4  | Bought a scroll of enchant armour for 142 gold pieces
 25578 | Snake:4  | Bought a scroll of brand weapon for 180 gold pieces
 25869 | Snake:4  | Noticed Mithras's ghost (adept OpVM)
 25891 | Snake:4  | Found a transporter.
 26143 | Snake:4  | Found a transporter.
 26472 | Snake:4  | Identified the +6 scale mail of Hangman {rC- MP+9 Slay+5}
 26504 | Snake:4  | Killed Mithras's ghost
 26504 | Snake:4  | Received a gift from Okawaru
 26522 | Snake:4  | Identified the -1 cloak of Loaduuf {Rampage rF+}
 26708 | Swamp:1  | Entered Level 1 of the Swamp
 27181 | Swamp:1  | Noticed Mlioglotl
 27195 | Swamp:1  | Killed Mlioglotl
 27195 | Swamp:1  | Identified the +0 hat of Fojuicy {Regen+ Str+4} (Okawaru
                  | gifted it to you on level 1 of the Swamp)
 27195 | Swamp:1  | Received a gift from Okawaru
 27235 | Swamp:1  | Reached XP level 18. HP: 117/117 MP: 29/29
 27243 | Swamp:1  | Noticed Donald
 27253 | Swamp:1  | Killed Donald
 27488 | Swamp:2  | Found a hazy altar of Hepliaklqana.
 27591 | Swamp:2  | Reached skill level 10 in Shields
 27720 | Swamp:2  | Reached skill level 1 in Hexes
 28751 | Swamp:3  | Identified the +1 falchion of Youthful Indiscretion
                  | {freeze, Fragile rC+ Int+6 SInv}
 28856 | Swamp:3  | Identified the amulet of Hoicluir {Reflect -Tele rPois
                  | Str+3 SH+5}
 29135 | Swamp:4  | Entered Level 4 of the Swamp
 29823 | Swamp:4  | Received a gift from Okawaru
 30043 | Swamp:4  | Identified the +0 ring mail of Wasted Space {+Inv rPois
                  | Str-2 SInv} (Okawaru gifted it to you on level 4 of the
                  | Swamp)
 30043 | Swamp:4  | Received a gift from Okawaru
 30044 | Swamp:4  | Reached XP level 19. HP: 120/123 MP: 30/30
 30210 | Swamp:4  | Got a decaying rune of Zot
 30514 | D:14     | Reached skill level 15 in Fighting
 30568 | D:14     | Found the +4 moon troll leather armour {Spirit, Regen++
                  | MP+5}
 31421 | Snake:3  | Bought the ring "Joteamap" {Drain rF+ Str+2 Dex+2 Slay+9}
                  | for 3228 gold pieces
 31779 | D:14     | Found a broken altar of Ashenzari.
 32001 | D:14     | Found a gate to the Vaults.
 32252 | D:15     | Entered Level 15 of the Dungeon
 32255 | D:15     | Noticed Azrael
 32306 | D:15     | Killed Azrael
 32439 | D:15     | Found a staircase to the Depths.
 32461 | D:15     | Noticed Rupert
 32471 | D:15     | Killed Rupert
 32471 | D:15     | Received a gift from Okawaru
 32922 | Vaults:1 | Entered Level 1 of the Vaults
 32922 | Vaults:1 | Found Muoleoc's General Store.
 33593 | Vaults:1 | Found a portal to a secret trove of treasure.
 33830 | Orc:2    | Bought a scroll of fog for 40 gold pieces
 33830 | Orc:2    | Bought a scroll of fog for 40 gold pieces
 33830 | Orc:2    | Bought a scroll of fog for 40 gold pieces
 34077 | Vaults:1 | You paid a toll of 5 scrolls of fog to enter a treasure
                  | trove
 34078 | Trove    | Entered a treasure trove
 34094 | Trove    | Got Sif Muna's Incunabulum of the Geometric Oath
 34367 | Vaults:1 | Identified the +0 hat "Housenn" {Fly rPois rC- Int+3}
                  | (Okawaru gifted it to you on level 1 of the Vaults)
 34367 | Vaults:1 | Received a gift from Okawaru
 34439 | Vaults:1 | Reached XP level 20. HP: 131/131 MP: 31/31
 34695 | Vaults:1 | Reached skill level 5 in Hexes
 35585 | Vaults:2 | Identified the +1 pair of gloves "Dolimm" {Harm}
 35585 | Vaults:2 | Noticed Nikola
 35590 | Vaults:2 | Killed Nikola
 35802 | Vaults:2 | Received a gift from Okawaru
 35837 | Vaults:2 | Identified the +5 scale mail of the Sheltering Gods {Contam
                  | rC+ Will+++ Int+2}
 36432 | Vaults:3 | Reached skill level 15 in Shields
 36466 | Vaults:3 | Found a staircase to the Crypt.
 36735 | Vaults:3 | Found Fulei's Assorted Antiques.
 36880 | Vaults:3 | Identified the +2 cloak of Happiness {Rampage Str+3 Int-4}
                  | (Okawaru gifted it to you on level 3 of the Vaults)
 36880 | Vaults:3 | Received a gift from Okawaru
 36881 | Vaults:3 | Reached skill level 15 in Armour
 36881 | Vaults:3 | Reached XP level 21. HP: 117/139 MP: 19/32
 37013 | Vaults:3 | Reached XP level 22. HP: 102/134 MP: 22/33
 37206 | Vaults:3 | Found the +15 Maxwell's patent armour {-Cast -Tele rElec
                  | Will+ rCorr}
 37465 | Vaults:4 | Killed from afar by an ironbound thunderhulk

Illustrated notes

Levels and vault maps discovered:
D:1:      spicycebolla_arrival_transporter_tutorial, layout_basic
D:2:      layout_loops_corners, lightli_corner_chamber
D:3:      layout_loops_ring, palyth_stone_intersect, hex_tiny,
          kennysheep_decorative_pillar, chequers_serial_rivers_small_a
D:4:      layout_loops_ring, kennysheep_minor_cross, hellmonk_no_cap,
          uniq_edmund
D:5:      layout_loops_ring, gammafunk_ghost_cemetery,
          minmay_misc_feat_secret_circle
D:6:      layout_gridville, minmay_misc_feat_columns, nicolae_elemental_shop,
          chequers_big_river
D:7:      lemuel_ice_spiral_2, layout_basic, general_overflow_altar,
          minmay_temple_entry_fiery, kennysheep_generic_room_11, uniq_joseph,
          uniq_pikel
D:8:      layout_basic, yredelemnul_forgotten_temple_becter, fedhas_altar_4,
          dpeg_lair_monsters, serial_shops, nicolae_shop_peninsula, uniq_erica,
          uniq_maurice
D:9:      layout_roguey, grunt_temple_overflow_open, serial_bayou,
          serial_bayou_pond_e, serial_bayou_lake_a, serial_bayou_lagoon_b,
          serial_bayou_pond_e, serial_bayou_pond_d, serial_bayou_shore_a,
          serial_shops, nicolae_shop_industrial_runoff
D:10:     layout_roguey, david_orc_1_choice, serial_shops,
          nicolae_inconvenience_store
D:11:     minmay_separated_statues, layout_basic, serial_shops, shop
D:12:     layout_grid_maze, portal_ice_cave_entry_pillars_1,
          small_statue_intersection, minmay_joined_circles
D:13:     layout_irregular_city, serial_shops, shop, uniq_nessos
D:14:     minmay_quarter_circles, layout_irregular_city,
          grunt_vaults_entry_tiered, ashenzari_conservatory_becter,
          ebering_ghost_disaster_area
D:15:     hangedman_depths_entry_civil_slaughter, layout_cave_pools,
          hangedman_decor_push, uniq_azrael, uniq_rupert
Temple:   eino_temple_lava
Lair:1:   dreamdust_cave_troll, layout_long_grid, serial_bayou_shore_b,
          infiniplex_staircase_pool, grunt_megastairs_1
Lair:2:   layout_loops_ring, nicolae_swamp_entry_spooky, uniq_maggie
Lair:3:   layout_long_grid, guppyfry_snake_entry_island,
          gammafunk_ghost_wrathful_warriors, basic_altar,
          pdpol_lair_cavern_descent, uniq_gastronok
Lair:4:   layout_cave_pods, slime_entry_1, infiniplex_staircase_pool_2,
          uniq_josephine
Lair:5:   hellmonk_lair_end_abyssal_woods, layout_hall_layers,
          ebering_ghost_rock_garden, nicolae_lair_lindhole
Swamp:1:  layout_basic_swamp, nicolae_swamp_tree_designs, swamp_pool2,
          hangedman_swamp_blocks, uniq_mlioglotl, uniq_donald
Swamp:2:  layout_basic_swamp, serial_swamp_ruin, hangedman_swamp_ruin_wall,
          evilmike_swamp_ruin_house_5, evilmike_swamp_ruin_rubble_1,
          swamp_pool1, lemuel_altar_in_water
Swamp:3:  cheibrodos_swamp_mausoleum, layout_basic_swamp,
          evilmike_swamp_ruin_rubble_2
Swamp:4:  swamp_basic_johnstein, layout_basic_swamp, swamp_pool3
Snake:1:  minmay_snake_river, layout_chambers, nicolae_integral_box
Snake:2:  layout_chambers, serial_shops, nicolae_book_shop_shelving,
          hangedman_snake_wide_pillar_pass, uniq_asterion
Snake:3:  layout_cave_town, nicolae_shop_unique_rings, uniq_vashnia
Snake:4:  hellmonk_snake_rune_quicksilver_temple, layout_chambers,
          gammafunk_ghost_berserking_beasts, minmay_shoptagon
Orc:1:    layout_caves, serial_shops, nicolae_shop_stone,
          nicolae_orc_pool_cavern, nicolae_shop_gadgets, uniq_urug
Orc:2:    st_orc_ogre_mass, layout_caves, serial_shops,
          nicolae_shop_advertising_works [nicolae_subvault_shop_adworks]
Vaults:1: ontoclasm_vaults_idyll, hangedman_vaults_river_flow,
          nicolae_vaults_security_offices_2, nicolae_vaults_rhombus_6,
          v_alt_pattern_2, vaults_standard_mumra_enter_the_diamond,
          vaults_dpeg_emergency_exit, nicolae_vaults_octothorpe,
          layout_vaults_big_room, trove_entry_hex_spiral, serial_shops, shop
Vaults:2: nicolae_vaults_windows_and_doors_thing,
          nicolae_vaults_mini_display_case, nicolae_vaults_tangram_1,
          nicolae_vaults_weapon_check, nicolae_vaults_trapezoid_lopsided_2,
          hangedman_vaults_nails, vaults_room_door_hall, hangedman_vaults_maws,
          nicolae_vaults_little_squares_2, layout_vaults_omnicross, uniq_nikola
Vaults:3: dpeg_vaults_waves, vaults_room_fours, nicolae_vaults_sealed_display,
          nicolae_vaults_sightless_eye, minmay_crypt_entry_simple_corners,
          nicolae_vaults_spaceships, v_pattern_4, nicolae_vaults_specimen_jars,
          nicolae_vaults_rhombus_5, nicolae_vaults_ring_of_whatevers,
          nicolae_vaults_variable_pillar_hall, hangedman_vaults_stitches,
          ontoclasm_vaults_hangar, layout_vaults_maze_snakey, serial_shops,
          nicolae_shop_behind_doors
Vaults:4: nicolae_vaults_security_offices_5, nicolae_vaults_mitosis,
          nicolae_vaults_turnstiles, hangedman_vaults_hat,
          hangedman_vaults_maws, ontoclasm_vaults_decontamination,
          ontoclasm_vaults_twist, v_misc_14, vaults_dpeg_encased_lava,
          layout_vaults_omnigrid

Skill      XL: |  1  2  3  4  5  6  7  8  9 10 11 12 13 14 15 16 17 18 19 20 21 22 |
---------------+-------------------------------------------------------------------+-----
Ranged Weapons | 5 6 7 9 10 12 14 15 16 17 18 | 18.0
Fighting       | 3 4 5 6 8 9 10 11 12 13 14 15 17 | 17.6
Invocations    | 2 5 7 9 11 12 13 14 | 14.0
Armour         | 2 3 5 7 9 11 13 15 | 15.0
Dodging        | 4 6 7 8 10 11 12 13 14 | 14.6
Shields        | 3 5 7 8 9 11 13 15 16 | 16.0
Translocations | 1 3 5 6 7 8 |  8.0
Spellcasting   | 1 3 |  3.0
Hexes          | 3 4 7 8 |  8.0
Long Blades    | 6 |  6.1
Stealth        | |  1.0

Action                     |  1- 3 |  4- 6 |  7- 9 | 10-12 | 13-15 | 16-18 | 19-21 | 22-24 || total
---------------------------+-------+-------+-------+-------+-------+-------+-------+-------++-------
  Melee: Dagger            |       |       |    56 |   211 |       |       |       |       ||   267
         Kick              |       |       |    25 |   112 |    42 |     1 |       |       ||   180
         Peck              |       |       |     9 |    67 |    22 |       |       |       ||    98
         Punch             |       |       |     3 |     8 |       |       |       |       ||    11
         Unarmed           |       |       |       |     2 |       |       |       |       ||     2
         Trident           |       |       |       |    13 |    65 |       |       |       ||    78
         Scimitar          |       |       |       |       |     4 |       |       |       ||     4
         Hand crossbow     |       |       |       |       |       |     1 |       |       ||     1
   Fire: Shortbow          |    87 |   190 |   338 |   217 |       |       |       |       ||   832
         Orcbow            |       |       |       |   685 |       |       |       |       ||   685
         Hand crossbow     |       |       |       |    23 |   997 |  1365 |   951 |    83 ||  3419
  Throw: Dart              |       |       |       |    38 |     1 |       |     1 |       ||    40
         Throwing net      |       |       |       |       |     2 |     1 |       |       ||     3
   Cast: Blink             |       |       |       |       |       |     4 |     3 |       ||     7
 Invoke: Heroism           |       |       |       |     5 |     6 |     5 |       |       ||    16
         Finesse           |       |       |       |       |     1 |     3 |       |       ||     4
         Duel              |       |       |       |       |       |     1 |       |       ||     1
  Evoke: Wand              |       |       |       |     3 |     3 |     3 |     1 |       ||    10
    Use: Scroll            |       |       |     1 |    17 |    13 |     9 |    11 |     1 ||    52
         Potion            |       |       |       |       |     4 |     3 |     1 |       ||     8
 Armour: Leather armour    |     5 |    16 |    19 |       |       |       |       |       ||    40
         Ring mail         |       |       |    25 |   142 |       |       |       |       ||   167
         Troll leather arm |       |       |       |    67 |    60 |       |    62 |     8 ||   197
         Swamp dragon scal |       |       |       |       |   142 |   151 |       |       ||   293
         Scale mail        |       |       |       |       |       |   179 |     6 |       ||   185
  Dodge: Dodged            |    11 |    71 |   118 |   428 |   524 |   759 |   429 |    47 ||  2387
  Block: Buckler           |       |       |       |       |   167 |   112 |       |       ||   279
         Reflection        |       |       |       |       |     5 |    20 |       |       ||    25
         Kite shield       |       |       |       |       |       |   437 |    43 |       ||   480
         Tower shield      |       |       |       |       |       |       |   705 |    93 ||   798

Table legend: (Time is in decaauts)
 A = Elapsed time spent in this place.
 B = Non-inter-level travel time spent in this place.
 C = Inter-level travel time spent in this place.
 D = Time resting spent in this place.
 E = Time spent auto-exploring this place.
 F = Levels seen in this place.
 G = Mean time per level.
                   A        B        C        D        E       F      G
               +--------+--------+--------+--------+--------+-----+--------+
         Total |  35406 |  32274 |   3132 |   1938 |  19702 |  38 |  931.7 |
       Dungeon |  15555 |  14052 |   1503 |    756 |   8138 |  15 | 1037.0 |
        Temple |     15 |      9 |      6 |      0 |      0 |   1 |   15.0 |
          Lair |   4407 |   3922 |    485 |     63 |   2855 |   5 |  881.4 |
         Swamp |   3584 |   3400 |    184 |    561 |   1654 |   4 |  896.0 |
     Snake Pit |   5322 |   4904 |    418 |    354 |   3490 |   4 | 1330.5 |
  Orcish Mines |   1362 |   1126 |    236 |     19 |    720 |   2 |  681.0 |
        Vaults |   4022 |   3726 |    296 |     93 |   2451 |   4 | 1005.5 |
         Trove |     70 |     70 |      0 |      0 |      0 |   1 |   70.0 |
      Ice Cave |   1041 |   1041 |      0 |     77 |    392 |   1 | 1041.0 |
         Arena |     24 |     24 |      0 |     13 |      0 |   1 |   24.0 |
               +--------+--------+--------+--------+--------+-----+--------+

Top non-repeatable levels by time:
     D:7: 2601 daAuts
    D:14: 1546 daAuts
 Swamp:3: 1517 daAuts
 Snake:1: 1498 daAuts
Vaults:2: 1487 daAuts
 Snake:4: 1374 daAuts
Vaults:1: 1369 daAuts
 Snake:2: 1367 daAuts
     D:4: 1353 daAuts
  Lair:5: 1086 daAuts
 Snake:3: 1082 daAuts
   IceCv: 1041 daAuts
     D:8: 1037 daAuts
Vaults:3: 1036 daAuts
    D:10: 1029 daAuts
